 Dungeon Sprint DCSS version 0.21-a0-52-gbf49515 (webtiles) character file.

629 Kidiri the Cudgeler (level 7, -2/76 HPs)
             Began as a Troll Monk on June 13, 2017.
             Was a Believer of Wu Jian.
             Slain by a centaur warrior
             ... wielding a cursed -3 longbow
              (6 damage)
             ... in the Dungeon (Sprint I: "Red Sonja").
             The game lasted 00:02:08 (381 turns).

Kidiri the Cudgeler (Troll Monk)                     Turns: 381, Time: 00:02:08

Health: -2/76      AC:  5    Str: 25    XL:     7   Next: 23%
Magic:  6/6        EV: 13    Int:  6    God:    Wu Jian [**....]
Gold:   200        SH:  0    Dex: 12    Spells: 6/6 levels left

rFire    . . .     SeeInvis .   a - +0 giant club
rCold    . . .     Gourm    +   (shield currently unavailable)
rNeg     . . .     Faith    .   b - +0 robe
rPois    .         Spirit   .   (helmet restricted)
rElec    .         Reflect  .   (no cloak)
rCorr    .         Harm     .   (gloves unavailable)
MR       .....     NoTele   +   (boots unavailable)
Stlth    +++.......             (no amulet)
Regen    0.7/turn               k - +3 ring of strength
MPRegen  0.1/turn               (no ring)

@: no status effects
A: unfitting armour, claws 3, fast metabolism 3, gourmand, regeneration 1,
shaggy fur 1, tough skin 2
a: Renounce Religion


You were in the Dungeon.
You worshipped Wu Jian.
Wu Jian was pleased with you.
You were not hungry.

You visited 1 branch You collected 419 gold pieces.
You spent 219 gold pieces at shops.

Inventory:

Hand Weapons
 a - a +0 giant club (weapon)
Armour
 b - a +0 robe (worn)
Jewellery
 k - a +3 ring of strength (left claw)
Wands
 j - a wand of random effects (13/48)
Scrolls
 i - a scroll of blinking
Potions
 d - a potion of curing
 f - a potion of haste
 g - 2 potions of magic
Comestibles
 c - 2 bread rations


   Skills:
 * Level 6.7 Fighting
 * Level 7.3 Maces & Flails
 + Level 4.2 Armour
 * Level 6.7 Dodging
 * Level 4.7 Stealth


You had 6 spell levels left.
You didn't know any spells.

Dungeon Overview and Level Annotations

Branches:
Dungeon (1/1)

Altars:
Cheibriados
Dithmenos
Elyvilon
Fedhas
Gozag
Hepliaklqana
Kikubaaqudgha
Makhleb
Nemelex Xobeh
Okawaru
Qazlal
Ru
Sif Muna
Trog
Uskayaw
Vehumet
Wu Jian
Xom
Yredelemnul
Zin
The Shining One
Jiyva
Lugonu

Shops:
D =

Annotations:
D exclusion: door


Innate Abilities, Weirdness & Mutations

You are too large for most types of armour.
You have claws for hands.
Your metabolism is lightning-fast.
You like to eat raw meat.
Your natural rate of healing is unusually fast.
You are covered in fur. (AC +1)
You have very tough skin. (AC +2)


Message History

You have no room to wall jump.
Unknown command.
You spin and attack the centaur warrior.
You hit the centaur warrior but do no damage.
You spin and attack the centaur warrior.
You sock the centaur warrior!
The centaur warrior is heavily wounded.
The centaur warrior closely misses you.
The centaur warrior hits you with a longbow.
* * * LOW HITPOINT WARNING * * *
The centaur warrior hits you!
* * * LOW HITPOINT WARNING * * *
You see here 22 poisoned needles.
You spin to attack the centaur warrior, but your attack speed is too slow for a blow to land.
You spin and attack the centaur warrior.
You bludgeon the centaur warrior!!
The centaur warrior is almost dead.
The centaur warrior closely misses you.
The centaur warrior hits you with a longbow.
You die...

##################
..'..#.)'..#__#..+
..#..'..#..+..+..#
####+#####'#__####
###).#...#.####§@#
__####..##.#≈§§cc#
_____##+#_.'§§§§§+
_.∩...+..._#§§§§.#
_..__##_.#+##+####
_____###+#)#
###### ###


You could see 2 centaur warriors.

Vanquished Creatures
  A slime creature (D)
  Sigmund (D)
  A yak (D)
  An ogre (D)
  A jelly (D)
  Ijyb (D)
6 creatures vanquished.

Notes
Turn   | Place    | Note
-------+----------+-------------------------------------------
     0 | D        | Kidiri the Troll Monk began the quest for the Orb.
     0 | D        | Reached XP level 1. HP: 22/22 MP: 0/0
     2 | D        | Noticed Ijyb
    36 | D        | Killed Ijyb
    36 | D        | Reached skill level 3 in Maces & Flails
    36 | D        | Reached skill level 1 in Armour
    36 | D        | Reached XP level 2. HP: 28/31 MP: 1/1
   146 | D        | Noticed an ogre
   151 | D        | Killed an ogre
   151 | D        | Reached skill level 4 in Maces & Flails
   151 | D        | Reached XP level 3. HP: 36/40 MP: 2/2
   151 | D        | Reached XP level 4. HP: 43/49 MP: 3/3
   185 | D        | Noticed Sigmund
   190 | D        | Killed Sigmund
   190 | D        | Reached skill level 5 in Fighting
   190 | D        | Reached skill level 6 in Maces & Flails
   190 | D        | Reached skill level 5 in Dodging
   190 | D        | Reached XP level 5. HP: 47/57 MP: 4/4
   190 | D        | Reached XP level 6. HP: 55/66 MP: 5/5
   206 | D        | Found an ornate altar of the Wu Jian Council.
   206 | D        | Found a deep blue altar of Sif Muna.
   208 | D        | Found a radiant altar of Vehumet.
   211 | D        | Became a worshipper of the Wu Jian Council
   211 | D        | Reached * piety under Wu Jian
   211 | D        | Reached ** piety under Wu Jian
   248 | D        | Found Efoculon's Jewellery Emporium.
   248 | D        | Found an ancient bone altar of Kikubaaqudgha.
   248 | D        | Found a hazy altar of Hepliaklqana.
   248 | D        | Found a stormy altar of Qazlal.
   248 | D        | Found a hide-covered altar of Uskayaw.
   248 | D        | Found a blossoming altar of Fedhas.
   248 | D        | Found a bloodstained altar of Trog.
   248 | D        | Found an iron altar of Okawaru.
   248 | D        | Found a basalt altar of Yredelemnul.
   248 | D        | Found a glowing golden altar of the Shining One.
   248 | D        | Found a snail-covered altar of Cheibriados.
   248 | D        | Found a sacrificial altar of Ru.
   248 | D        | Found a glowing silver altar of Zin.
   248 | D        | Found a shadowy altar of Dithmenos.
   248 | D        | Found a white marble altar of Elyvilon.
   248 | D        | Noticed a yak
   253 | D        | Killed a yak
   254 | D        | Found an opulent altar of Gozag.
   255 | D        | Found a sparkling altar of Nemelex Xobeh.
   259 | D        | Bought a +3 ring of strength for 219 gold pieces
   311 | D        | Found a burning altar of Makhleb.
   311 | D        | Found a viscous altar of Jiyva.
   311 | D        | Found a shimmering altar of Xom.
   311 | D        | Found a corrupted altar of Lugonu.
   311 | D        | Noticed a slime creature
   319 | D        | Killed a slime creature
   319 | D        | Reached skill level 7 in Maces & Flails
   319 | D        | Reached XP level 7. HP: 45/76 MP: 6/6
   370 | D        | Noticed a centaur warrior
   373 | D        | Noticed a centaur warrior
   380 | D        | HP: 3/76 [centaur warrior (11)]
   381 | D        | Slain by a centaur warrior

Vault maps used:
D:        dungeon_sprint_1

Skill      XL: |  1  2  3  4  5  6 |
---------------+-------------------+-----
Fighting       | 3 4 5 6 |  6.7
Maces & Flails | 3 4 6 7 |  7.3
Armour         | 1 2 3 4 |  4.2
Dodging        | 3 4 5 6 |  6.7
Stealth        | 2 3 4 |  4.7

Action                   |  1- 3 |  4- 6 |  7- 9 || total
-------------------------+-------+-------+-------++-------
Melee: Mace              |    37 |       |       ||    37
       Giant club        |       |    17 |     5 ||    22
  Use: Potion            |     1 |       |     2 ||     3
 Stab: Sleeping          |       |     1 |       ||     1
  Eat: Chunk             |       |     1 |       ||     1
Armor: Robe              |    10 |     3 |     1 ||    14
Dodge: Dodged            |    19 |    10 |     5 ||    34
